 Dungeon Crawl Stone Soup version 0.27-a0-1136-g0b992a5a9d (webtiles) character file.

Game seed: 12896773640274732721

1 Kuinu the Sneak (level 1, 0/12 HPs)
             Began as a Kobold Brigand on May 4, 2021.
             Slain by a ball python (1 damage)
             ... on level 1 of the Dungeon.
             The game lasted 00:00:11 (83 turns).

Kuinu the Sneak (Kobold Brigand)                      Turns: 83, Time: 00:00:12

Health: 0/12       AC:  3    Str:  8    XL:     1   Next: 22%
Magic:  1/1        EV: 14    Int: 12    God:
Gold:   0          SH:  0    Dex: 16    Spells: 0/0 levels left

rFire    . . .     SeeInvis .   a - +2 dagger
rCold    . . .     Faith    .   (shield restricted)
rNeg     . . .     Spirit   .   b - +0 robe
rPois    .         Reflect  .   (no helmet)
rElec    .         Harm     .   c - +0 cloak
rCorr    .         Rampage  .   (no gloves)
Will     .....                  (no boots)
Stlth    ++++......             (no amulet)
HPRegen  0.04/turn              (no ring)
MPRegen  0.07/turn              (no ring)

@: no status effects
A: small, no large weapons, nightstalker 3
a: no special abilities


You were on level 1 of the Dungeon.
You visited 1 branch of the dungeon, and saw 1 of its levels.

Inventory:

Hand Weapons
 a - a +2 dagger (weapon)
Missiles
 d - 8 poisoned darts (quivered)
 e - 2 curare-tipped darts
Armour
 b - a +0 robe (worn)
 c - a +0 cloak (worn)


   Skills:
 * Level 2.2 Fighting
 * Level 2.7 Short Blades
 - Level 2.1 Throwing
 * Level 1.2 Dodging
 + Level 5.3 Stealth


You couldn't memorise any spells.
You didn't know any spells.
Your spell library was empty.

Dungeon Overview and Level Annotations

Branches:
Dungeon (1/15)

Altars:


Innate Abilities, Weirdness & Mutations

You are small and have problems with some larger weapons.
You are completely attuned to the shadows.


Message History

Found a staircase leading out of the dungeon.
A hobgoblin comes into view.
The hobgoblin shouts!
You hit the hobgoblin.
The hobgoblin is moderately wounded.
The hobgoblin hits you.
You hit the hobgoblin.
The hobgoblin is severely wounded.
An endoplasm comes into view.
The endoplasm quivers.
You hit the hobgoblin.
You kill the hobgoblin!
A ball python comes into view.
The endoplasm closely misses you.
The ball python hisses angrily.
You hit the endoplasm.
The endoplasm is moderately wounded.
The endoplasm misses you.
You hit the endoplasm.
The endoplasm is heavily wounded.
The endoplasm freezes you.
You are frozen.
The ball python barely misses you. The ball python completely misses you.
You hit the endoplasm.
The endoplasm is heavily wounded.
The endoplasm freezes you.
You are frozen.
* * * LOW HITPOINT WARNING * * *
You are too injured to fight recklessly!
You are too injured to fight recklessly!
You are too injured to fight recklessly!
There are monsters nearby!
The ball python barely misses you. The ball python grabs you.
* * * LOW HITPOINT WARNING * * *
The ball python constricts you.
You escape the ball python's grasp.
You hit the endoplasm.
You kill the endoplasm!
The ball python bites you.
You die...

...#.# ....# .
...# ..##..#
.......# ...##S##
...##@# ......####
####...... #.#####
#.#.#.#.####
##.#......#....#
#....####.....##.#


#PPPPPPPPPPPPPPP.# #PPPPPPPPPPPPPPP.# You could see a ball python.

Vanquished Creatures
  An endoplasm (D:1)
  A hobgoblin (D:1)
2 creatures vanquished.

Notes
Turn   | Place    | Note
-------+----------+-------------------------------------------
     0 | D:1      | Kuinu the Kobold Brigand began the quest for the Orb.
     0 | D:1      | Reached XP level 1. HP: 12/12 MP: 1/1
    83 | D:1      | Slain by a ball python

Illustrated notes

Levels and vault maps discovered:
D:1:      roderic_crop_circles_arrival_small, layout_basic,
          hellmonk_ecumenical_altar_blasted

Action                   || total
-------------------------++-------
Melee: Dagger            ||     7
Dodge: Dodged            ||     5

Table legend: (Time is in decaauts)
 A = Elapsed time spent in this place.
 B = Non-inter-level travel time spent in this place.
 C = Inter-level travel time spent in this place.
 D = Time resting spent in this place.
 E = Time spent auto-exploring this place.
 F = Levels seen in this place.
 G = Mean time per level.
                   A        B        C        D        E       F      G
               +--------+--------+--------+--------+--------+-----+--------+
         Total |     82 |     82 |      0 |      0 |     71 |   1 |   82.0 |
       Dungeon |     82 |     82 |      0 |      0 |     71 |   1 |   82.0 |
               +--------+--------+--------+--------+--------+-----+--------+

Top non-repeatable levels by time:
     D:1: 82 daAuts
